Hurricanes vs Capitals

Created - February-14-14 at 18:39

Goals
1 2 3 OT1 T
Hurricanes 1 1 0 1 3
Capitals 0 1 1 0 2
Shots
1 2 3 OT1 T
Hurricanes 5 7 5 2 19
Capitals 17 16 14 0 47

1st period

1. Hurricanes , Eric Staal 26 (James Wisniewski, Ryan Wilson) at 16:12

Penalties :
Marc Staal (CAR) for Hooking (Minor) at 5:54, Marc Methot (WSH) for Charging (Minor) at 10:54, Steve Oleksy (CAR) for Hooking (Minor) at 13:12, Ryan McDonagh (WSH) for Elbowing (Minor) at 16:52, Marc Methot (WSH) for Hooking (Minor) at 18:01

2nd period

2. Capitals , Ryan McDonagh 10 (Taylor Hall) at 3:46 (PP)
3. Hurricanes , Eric Staal 27 (Blake Wheeler, James Wisniewski) at 13:43

Penalties :
Marc Staal (CAR) for Hooking (Minor) at 1:04, James Wisniewski (CAR) for Hooking (Minor) at 3:14, Blake Wheeler (CAR) for Roughing (Minor) at 6:18, Ryan McDonagh (WSH) for Hooking (Minor) at 15:39, Cal Clutterbuck (CAR) for Interference (Minor) at 15:39, Steve Oleksy (CAR) for Holding (Minor) at 19:30

3rd period

4. Capitals , Alexander Semin 23 (Matt Stajan, Mike Green) at 18:40

Penalties :
Douglas Murray (WSH) for Hooking (Minor) at 7:40, Rene Bourque (CAR) for Roughing (Minor) at 11:29, Marc Staal (CAR) for Roughing (Minor) at 15:22, Douglas Murray (WSH) for Fighting (Major) at 19:56, Ryan Wilson (CAR) for Fighting (Major) at 19:56

Overtime #1

5. Hurricanes , Blake Wheeler 28 (Derek Roy, Shane OBrien) at 1:29

Penalties :
No Penalty

Goalie Stats

Mike Smith (CAR), 45 saves from 47 shots - (0.957), W, 19-25-5, 61:30 minutes
Jimmy Howard (WSH), 16 saves from 19 shots - (0.842), OTL, 33-12-1, 61:30 minutes

Players Stats for Hurricanes

Player Name              G  A  P  +/- PIM S  H  SB GA TA FO     MP     PP MP  PK MP  
------------------------------------------------------------------------------------
Aaron Volpatti           0  0  0   0  0   0  2  1  0  0  4/5    14:02   0:00   7:21 
Blake Wheeler            1  1  2   3  2   3  3  1  0  0  1/3    18:17   3:54   0:00 
Brian Boyle              0  0  0   0  0   0  0  0  0  0  10/23  13:46   0:00   7:05 
Cal Clutterbuck          0  0  0  -1  2   0  2  0  0  0  2/2    15:34   3:12   0:00 
Dale Weise               0  0  0   0  0   0  1  0  0  0  0/0     6:41   0:00   0:00 
Darroll Powe             0  0  0   2  0   0  0  0  0  0  0/0    23:13   3:54   6:45 
Derek Roy                0  1  1   0  0   5  0  0  0  0  10/20  17:25   3:12   0:00 
Duncan Keith             0  0  0   0  0   1  0  0  0  0  0/0    25:52   3:31   7:25 
Eric Staal               2  0  2   2  0   6  0  0  0  0  13/23  18:26   3:54   0:19 
James Wisniewski         0  2  2   2  2   1  3  5  0  0  0/0    26:14   3:35   7:15 
Leo Komarov              0  0  0   0  0   1  1  0  0  0  14/24  12:12   0:00   7:20 
Marc Staal               0  0  0  -1  6   0  3  3  0  0  0/0    25:54   3:31   5:49 
Maxim Lapierre           0  0  0   0  0   0  0  0  0  0  0/0     4:52   0:00   0:00 
Rene Bourque             0  0  0  -1  2   0  1  0  0  0  1/1    17:13   3:12   0:00 
Rich Clune               0  0  0   0  0   0  0  0  0  0  0/1     4:52   0:00   0:00 
Ryan Wilson              0  1  1   2  5   1  1  3  0  0  0/0    16:37   3:35   0:00 
Shane OBrien             0  1  1   1  0   0  1  1  0  0  0/0    14:01   0:00   3:26 
Steve Oleksy             0  0  0   0  4   1  1  1  0  0  0/0    14:15   0:00   4:55 

Players Stats for Capitals

Player Name              G  A  P  +/- PIM S  H  SB GA TA FO     MP     PP MP  PK MP  
------------------------------------------------------------------------------------
Alexander Ovechkin       0  0  0  -2  0   1  4  0  0  0  1/1    18:36   0:14   0:13 
Alexander Semin          1  0  1   0  0   7  0  0  0  0  1/2    18:52   7:38   0:00 
Alexei Kovalev           0  0  0   0  0   0  0  0  0  0  0/0     0:00   0:00   0:00 
Corey Potter             0  0  0   0  0   0  0  0  0  0  0/0    13:03   0:00   2:38 
Daniel Briere            0  0  0   0  0   0  2  0  0  0  5/11   23:03   9:21   0:21 
David Desharnais         0  0  0   0  0   4  2  0  0  0  6/15   12:41   0:00   0:50 
Douglas Murray           0  0  0   0  7   0  0  0  0  0  0/0    10:32   0:00   0:00 
Jay Harrison             0  0  0   0  0   1  3  0  0  0  0/0    21:21   6:55   2:10 
Jiri Tlusty              0  0  0  -1  0   1  0  0  0  0  6/19   12:31   0:00   0:00 
Marc Methot              0  0  0  -2  4   6  9  0  0  0  0/0    23:03   7:30   1:52 
Matt Stajan              0  1  1  -1  0   4  3  0  0  0  22/35  21:00   6:47   4:10 
Mike Green               0  1  1   0  0   6  0  1  0  0  0/0    22:33   6:55   3:22 
Ryan McDonagh            1  0  1  -2  4   8  1  1  0  0  0/0    27:21   7:30   3:24 
Ryane Clowe              0  0  0   0  0   0  4  0  0  0  3/12    8:45   4:50   0:00 
T.J. Galiardi            0  0  0   0  0   2  0  0  0  0  1/2    19:42   6:47   4:02 
Taylor Hall              0  1  1  -1  0   4  0  0  0  0  1/4    24:11   7:38   1:53 
Tom Poti                 0  0  0   0  0   0  0  0  0  0  0/0     5:01   0:00   0:45 
Tomas Fleischmann        0  0  0   0  0   3  1  0  0  0  1/1    13:44   0:00   1:53 

3 Stars

1 - Eric Staal (CAR)
2 - Blake Wheeler (CAR)
3 - James Wisniewski (CAR)

Power Play

Hurricanes - 0 on 4 Attempt(s) - 0.00%
Capitals - 1 on 8 Attempt(s) - 12.50%

Penalty Kill

Hurricanes - 7 on 8 Attempt(s) - 87.50% - Score 0 goal in Penalty Kill
Capitals - 4 on 4 Attempt(s) - 100.00% - Score 0 goal in Penalty Kill

Official

Referees : Francois StLaurent and Brad Watson
Linesman : Greg Devorski and Michel Cormier

Game Notes

Douglas Murray beats up Ryan Wilson at 19:56 of 3rd period

Finance

Level 1 -- Attendance: 2108 (32.43%) -- Ticket Income $527,000
Level 2 -- Attendance: 1367 (27.34%) -- Ticket Income $273,400
Level 3 -- Attendance: 816 (23.31%) -- Ticket Income $142,800
Level 4 -- Attendance: 614 (22.98%) -- Ticket Income $92,100
Luxury Box -- Attendance: 398 (39.80%) -- Ticket Income $159,200
Game was played at the Verizon Center
Total Attendance: 5303 (28.40%)
Total Ticket Income: $1,194,500
Other Income: $179,175
Total Income: $1,373,675


% Time on Ice - Hurricanes

Lines # - Real PCT - Wanted PCT - Time Play
Normal Forward
1 - 34% - 39% - 12:34
2 - 34% - 35% - 12:23
3 - 18% - 15% - 6:41
4 - 13% - 11% - 4:52
Normal Defense
1 - 36% - 35% - 13:06
2 - 36% - 35% - 13:03
3 - 26% - 20% - 9:22
4 - 3% - 10% - 0:59
PP Forward
1 - 55% - 57% - 3:54
2 - 45% - 43% - 3:12
PP Defense
1 - 50% - 50% - 3:31
2 - 50% - 50% - 3:35
PK Forward
1 - 49% - 50% - 7:05
2 - 51% - 50% - 7:20
PK Defense
1 - 51% - 50% - 7:25
2 - 49% - 50% - 7:00
PK3 Forward
1 - 0% - 60%
2 - 0% - 40%
PK3 Defense
1 - 0% - 60%
2 - 0% - 40%
44 Forward
1 - 47% - 50% - 1:39
2 - 53% - 50% - 1:50
44 Defense
1 - 53% - 50% - 1:50
2 - 47% - 50% - 1:39
Last Minute Offensive  - 0:00
Last Minute Defensive  - 0:00
Total
Forward - 61:30
Defense - 61:30

% Time on Ice - Capitals

Lines # - Real PCT - Wanted PCT - Time Play
Normal Forward
1 - 34% - 35% - 12:31
2 - 32% - 27% - 11:51
3 - 24% - 23% - 8:53
4 - 9% - 15% - 3:15
Normal Defense
1 - 33% - 35% - 12:03
2 - 30% - 27% - 11:06
3 - 27% - 23% - 9:45
4 - 10% - 15% - 3:36
PP Forward
1 - 47% - 60% - 6:47
2 - 53% - 40% - 7:38
PP Defense
1 - 52% - 60% - 7:30
2 - 48% - 40% - 6:55
PK Forward
1 - 70% - 60% - 4:23
2 - 30% - 40% - 1:53
PK Defense
1 - 68% - 60% - 4:14
2 - 32% - 40% - 2:02
PK3 Forward
1 - 100% - 60% - 0:50
2 - 0% - 40% - 0:00
PK3 Defense
1 - 84% - 60% - 0:42
2 - 16% - 40% - 0:08
44 Forward
1 - 81% - 60% - 2:49
2 - 19% - 40% - 0:40
44 Defense
1 - 67% - 60% - 2:19
2 - 33% - 40% - 1:10
Last Minute Offensive  - 0:00
Last Minute Defensive  - 0:00
Total
Forward - 61:30
Defense - 61:30

Play by Play

1st period


0:01 of 1st period - Jiri Tlusty wins face-off versus Eric Staal in neutral zone.
1:32 of 1st period - Off-side.
1:33 of 1st period - Matt Stajan wins face-off versus Derek Roy in neutral zone.
1:42 of 1st period - Off-side.
1:43 of 1st period - Matt Stajan wins face-off versus Derek Roy in neutral zone.
1:45 of 1st period - Corey Potter is hit by Cal Clutterbuck and loses puck.
2:14 of 1st period - Corey Potter is hit by Cal Clutterbuck and loses puck.
2:33 of 1st period - Icing by Alexander Semin.
2:34 of 1st period - Matt Stajan wins face-off versus Brian Boyle in Capitals zone.
3:12 of 1st period - Off-side.
3:13 of 1st period - Leo Komarov wins face-off versus Jiri Tlusty in neutral zone.
3:13 of 1st period - James Wisniewski is hit by Alexander Ovechkin and loses puck.
3:22 of 1st period - Shot by Mike Green.
3:22 of 1st period - Stopped by Mike Smith without a rebound.
3:23 of 1st period - Derek Roy wins face-off versus Jiri Tlusty in Hurricanes zone.
4:34 of 1st period - Shot by David Desharnais.
4:34 of 1st period - Stopped by Mike Smith without a rebound.
4:35 of 1st period - Eric Staal wins face-off versus Matt Stajan in Hurricanes zone.
5:20 of 1st period - Douglas Murray is hit by Blake Wheeler and loses puck.
5:39 of 1st period - Shot by Tomas Fleischmann.
5:39 of 1st period - Shot Misses the Net.
5:51 of 1st period - Shot by David Desharnais.
5:51 of 1st period - Shot Blocked by Blake Wheeler.
5:53 of 1st period - Shot by David Desharnais.
5:53 of 1st period - Stopped by Mike Smith with a rebound.
5:54 of 1st period - Minor Penalty to Marc Staal for Hooking.
5:55 of 1st period - Daniel Briere wins face-off versus Brian Boyle in Hurricanes zone.
5:55 of 1st period - Daniel Briere is hit by Steve Oleksy.
6:39 of 1st period - Off-side.
6:40 of 1st period - Matt Stajan wins face-off versus Leo Komarov in neutral zone.
6:55 of 1st period - Shot by Ryan McDonagh.
6:55 of 1st period - Stopped by Mike Smith without a rebound.
6:56 of 1st period - Leo Komarov wins face-off versus Matt Stajan in Hurricanes zone.
7:11 of 1st period - Shot by Ryan McDonagh.
7:11 of 1st period - Stopped by Mike Smith without a rebound.
7:12 of 1st period - Daniel Briere wins face-off versus Brian Boyle in Hurricanes zone.
8:14 of 1st period - Shot by Taylor Hall.
8:14 of 1st period - Stopped by Mike Smith with a rebound.
8:16 of 1st period - Shot by Ryan McDonagh.
8:16 of 1st period - Stopped by Mike Smith without a rebound.
8:17 of 1st period - Leo Komarov wins face-off versus Alexander Semin in Hurricanes zone.
8:17 of 1st period - Leo Komarov is hit by Matt Stajan.
8:20 of 1st period - Steve Oleksy is hit by Matt Stajan and loses puck.
8:33 of 1st period - Shot by T.J. Galiardi.
8:33 of 1st period - Stopped by Mike Smith without a rebound.
8:34 of 1st period - Cal Clutterbuck wins face-off versus Jiri Tlusty in Hurricanes zone.
8:34 of 1st period - Derek Roy is hit by Alexander Ovechkin and loses puck.
9:13 of 1st period - Derek Roy is hit by Marc Methot and loses puck.
9:17 of 1st period - Cal Clutterbuck is hit by Marc Methot and loses puck.
9:38 of 1st period - Blake Wheeler is hit by David Desharnais.
9:47 of 1st period - Eric Staal is hit by Jay Harrison and loses puck.
10:05 of 1st period - Icing by Jay Harrison.
10:06 of 1st period - Brian Boyle wins face-off versus David Desharnais in Capitals zone.
10:06 of 1st period - Brian Boyle is hit by Jay Harrison.
10:18 of 1st period - Icing by Duncan Keith.
10:19 of 1st period - Matt Stajan wins face-off versus Aaron Volpatti in Hurricanes zone.
10:30 of 1st period - Icing by Douglas Murray.
10:31 of 1st period - Matt Stajan wins face-off versus Derek Roy in Capitals zone.
10:42 of 1st period - Shot by Matt Stajan.
10:42 of 1st period - Stopped by Mike Smith without a rebound.
10:43 of 1st period - Eric Staal wins face-off versus Ryane Clowe in Hurricanes zone.
10:43 of 1st period - Eric Staal is hit by Ryane Clowe.
10:52 of 1st period - Icing by Marc Methot.
10:53 of 1st period - Leo Komarov wins face-off versus Ryane Clowe in Capitals zone.
10:53 of 1st period - Leo Komarov is hit by Marc Methot.
10:54 of 1st period - Minor Penalty to Marc Methot for Charging.
10:55 of 1st period - Matt Stajan wins face-off versus Eric Staal in Capitals zone.
11:23 of 1st period - Icing by Duncan Keith.
11:24 of 1st period - Matt Stajan wins face-off versus Eric Staal in Hurricanes zone.
11:42 of 1st period - Off-side.
11:43 of 1st period - Derek Roy wins face-off versus Matt Stajan in neutral zone.
11:46 of 1st period - Shot by Ryan Wilson.
11:46 of 1st period - Stopped by Jimmy Howard without a rebound.
11:47 of 1st period - Cal Clutterbuck wins face-off versus T.J. Galiardi in Capitals zone.
12:24 of 1st period - Shot by Mike Green.
12:24 of 1st period - Shot Misses the Net.
12:40 of 1st period - Shot by Taylor Hall.
12:40 of 1st period - Stopped by Mike Smith without a rebound.
12:41 of 1st period - Eric Staal wins face-off versus Taylor Hall in Hurricanes zone.
13:12 of 1st period - Minor Penalty to Steve Oleksy for Hooking.
13:13 of 1st period - Leo Komarov wins face-off versus Daniel Briere in Hurricanes zone.
13:41 of 1st period - Shot by Mike Green.
13:41 of 1st period - Stopped by Mike Smith with a rebound.
13:43 of 1st period - Shot by Mike Green.
13:43 of 1st period - Shot Misses the Net.
13:45 of 1st period - Shot by Mike Green.
13:45 of 1st period - Stopped by Mike Smith without a rebound.
13:46 of 1st period - Brian Boyle wins face-off versus Matt Stajan in Hurricanes zone.
13:46 of 1st period - Brian Boyle is hit by Matt Stajan.
14:12 of 1st period - Shot by Marc Methot.
14:12 of 1st period - Stopped by Mike Smith with a rebound.
14:14 of 1st period - Shot by Ryan McDonagh.
14:14 of 1st period - Shot Blocked by James Wisniewski.
14:16 of 1st period - Shot by Marc Methot.
14:16 of 1st period - Shot Blocked by James Wisniewski.
14:18 of 1st period - Shot by Marc Methot.
14:18 of 1st period - Stopped by Mike Smith without a rebound.
14:19 of 1st period - Leo Komarov wins face-off versus Ryane Clowe in Hurricanes zone.
14:46 of 1st period - Shot by Mike Green.
14:46 of 1st period - Shot Blocked by Marc Staal.
14:54 of 1st period - Shot by Ryane Clowe.
14:54 of 1st period - Shot Misses the Net.
14:56 of 1st period - Shot by Jay Harrison.
14:56 of 1st period - Deflect By Taylor Hall.
14:56 of 1st period - Stopped by Mike Smith without a rebound.
14:57 of 1st period - Matt Stajan wins face-off versus Brian Boyle in Hurricanes zone.
14:57 of 1st period - Matt Stajan is hit by Shane OBrien.
15:03 of 1st period - Shot by Ryan McDonagh.
15:03 of 1st period - Shot Misses the Net.
15:05 of 1st period - Shot by Marc Methot.
15:05 of 1st period - Stopped by Mike Smith without a rebound.
15:06 of 1st period - Matt Stajan wins face-off versus Brian Boyle in Hurricanes zone.
15:07 of 1st period - Shot by Ryan McDonagh.
15:07 of 1st period - Shot Misses the Net.
15:09 of 1st period - Shot by Daniel Briere.
15:09 of 1st period - Shot Misses the Net.
15:11 of 1st period - Shot by Marc Methot.
15:11 of 1st period - Stopped by Mike Smith with a rebound.
15:40 of 1st period - Shot by Derek Roy.
15:40 of 1st period - Stopped by Jimmy Howard without a rebound.
15:41 of 1st period - Alexander Semin wins face-off versus Eric Staal in Capitals zone.
16:12 of 1st period - Shot by Eric Staal.
16:12 of 1st period - Goal by Eric Staal - Hurricanes : 1 - Capitals : 0.
16:13 of 1st period - David Desharnais wins face-off versus Derek Roy in neutral zone.
16:28 of 1st period - Shot by Derek Roy.
16:28 of 1st period - Stopped by Jimmy Howard without a rebound.
16:29 of 1st period - Leo Komarov wins face-off versus Jiri Tlusty in Capitals zone.
16:51 of 1st period - Rich Clune is hit by Ryan McDonagh and loses puck.
16:52 of 1st period - Minor Penalty to Ryan McDonagh for Elbowing.
16:53 of 1st period - Matt Stajan wins face-off versus Blake Wheeler in Capitals zone.
17:01 of 1st period - Icing by Eric Staal.
17:02 of 1st period - Eric Staal wins face-off versus Matt Stajan in Hurricanes zone.
17:11 of 1st period - Matt Stajan is hit by Blake Wheeler and loses puck.
17:38 of 1st period - Shot by Eric Staal.
17:38 of 1st period - Stopped by Jimmy Howard without a rebound.
17:39 of 1st period - Derek Roy wins face-off versus Taylor Hall in Capitals zone.
18:01 of 1st period - Minor Penalty to Marc Methot for Hooking.
18:02 of 1st period - David Desharnais wins face-off versus Eric Staal in Capitals zone.
18:51 of 1st period - Shot by Duncan Keith.
18:51 of 1st period - Shot Misses the Net.
Goals for this period are 1 for Hurricanes vs 0 for Capitals.
Shots for this period are 5 for Hurricanes vs 17 for Capitals.

2nd period


0:01 of 2nd period - Derek Roy wins face-off versus Jiri Tlusty in neutral zone.
0:12 of 2nd period - Shot by Alexander Ovechkin.
0:12 of 2nd period - Shot Misses the Net.
0:30 of 2nd period - Shot by James Wisniewski.
0:30 of 2nd period - Stopped by Jimmy Howard without a rebound.
0:31 of 2nd period - David Desharnais wins face-off versus Eric Staal in Capitals zone.
0:31 of 2nd period - David Desharnais is hit by Blake Wheeler.
0:43 of 2nd period - Shot by Tomas Fleischmann.
0:43 of 2nd period - Stopped by Mike Smith with a rebound.
1:04 of 2nd period - Minor Penalty to Marc Staal for Hooking.
1:05 of 2nd period - Aaron Volpatti wins face-off versus Matt Stajan in Hurricanes zone.
1:33 of 2nd period - Icing by Jay Harrison.
1:34 of 2nd period - Matt Stajan wins face-off versus Leo Komarov in Capitals zone.
3:14 of 2nd period - Minor Penalty to James Wisniewski for Hooking.
3:15 of 2nd period - Leo Komarov wins face-off versus Matt Stajan in Hurricanes zone.
3:32 of 2nd period - Shot by Mike Green.
3:32 of 2nd period - Stopped by Mike Smith without a rebound.
3:33 of 2nd period - Ryane Clowe wins face-off versus Brian Boyle in Hurricanes zone.
3:44 of 2nd period - Shot by Ryan McDonagh.
3:44 of 2nd period - Shot Misses the Net.
3:46 of 2nd period - Shot by Ryan McDonagh.
3:46 of 2nd period - Goal by Ryan McDonagh - Hurricanes : 1 - Capitals : 1.
3:47 of 2nd period - Taylor Hall wins face-off versus Derek Roy in neutral zone.
4:03 of 2nd period - Shot by Taylor Hall.
4:03 of 2nd period - Stopped by Mike Smith without a rebound.
4:04 of 2nd period - Matt Stajan wins face-off versus Leo Komarov in Hurricanes zone.
4:24 of 2nd period - Matt Stajan is hit by Marc Staal and loses puck.
4:33 of 2nd period - Marc Methot is hit by Leo Komarov and loses puck.
4:58 of 2nd period - Icing by Marc Staal.
4:59 of 2nd period - Leo Komarov wins face-off versus Jiri Tlusty in Hurricanes zone.
4:59 of 2nd period - Leo Komarov is hit by Alexander Ovechkin.
5:10 of 2nd period - Icing by Duncan Keith.
5:11 of 2nd period - Leo Komarov wins face-off versus David Desharnais in Hurricanes zone.
5:16 of 2nd period - Shot by Tomas Fleischmann.
5:16 of 2nd period - Stopped by Mike Smith without a rebound.
5:17 of 2nd period - Jiri Tlusty wins face-off versus Blake Wheeler in Hurricanes zone.
5:17 of 2nd period - Taylor Hall is hit by James Wisniewski and loses puck.
5:44 of 2nd period - Shot by Eric Staal.
5:44 of 2nd period - Stopped by Jimmy Howard without a rebound.
5:45 of 2nd period - Derek Roy wins face-off versus David Desharnais in Capitals zone.
5:45 of 2nd period - Steve Oleksy is hit by Marc Methot and loses puck.
5:48 of 2nd period - Shot by Derek Roy.
5:48 of 2nd period - Shot Misses the Net.
5:50 of 2nd period - Shot by Derek Roy.
5:50 of 2nd period - Stopped by Jimmy Howard without a rebound.
5:51 of 2nd period - Derek Roy wins face-off versus David Desharnais in Capitals zone.
5:55 of 2nd period - Icing by David Desharnais.
5:56 of 2nd period - Eric Staal wins face-off versus David Desharnais in Capitals zone.
6:05 of 2nd period - Shot by Eric Staal.
6:05 of 2nd period - Shot Hit the Post.
6:16 of 2nd period - James Wisniewski is hit by Marc Methot and loses puck.
6:18 of 2nd period - Minor Penalty to Blake Wheeler for Roughing.
6:19 of 2nd period - Matt Stajan wins face-off versus Brian Boyle in Hurricanes zone.
6:30 of 2nd period - Shot by Matt Stajan.
6:30 of 2nd period - Shot Misses the Net.
6:32 of 2nd period - Shot by Matt Stajan.
6:32 of 2nd period - Stopped by Mike Smith without a rebound.
6:33 of 2nd period - Leo Komarov wins face-off versus Daniel Briere in Hurricanes zone.
6:33 of 2nd period - Leo Komarov is hit by Marc Methot.
6:47 of 2nd period - Shot by Alexander Semin.
6:47 of 2nd period - Stopped by Mike Smith with a rebound.
7:11 of 2nd period - Shot by Leo Komarov.
7:11 of 2nd period - Stopped by Jimmy Howard without a rebound.
7:12 of 2nd period - Brian Boyle wins face-off versus Matt Stajan in Capitals zone.
7:30 of 2nd period - Icing by Ryane Clowe.
7:31 of 2nd period - Matt Stajan wins face-off versus Leo Komarov in Capitals zone.
7:40 of 2nd period - Shot by Mike Green.
7:40 of 2nd period - Shot Misses the Net.
7:42 of 2nd period - Shot by Mike Green.
7:42 of 2nd period - Shot Blocked by Steve Oleksy.
7:56 of 2nd period - Shot by Matt Stajan.
7:56 of 2nd period - Stopped by Mike Smith without a rebound.
7:57 of 2nd period - Daniel Briere wins face-off versus Brian Boyle in Hurricanes zone.
8:03 of 2nd period - Taylor Hall is hit by Marc Staal.
8:20 of 2nd period - Jiri Tlusty is hit by Ryan Wilson and loses puck.
8:23 of 2nd period - Shot by Jiri Tlusty.
8:23 of 2nd period - Shot Blocked by Ryan Wilson.
8:25 of 2nd period - Shot by Alexander Ovechkin.
8:25 of 2nd period - Stopped by Mike Smith without a rebound.
8:26 of 2nd period - Eric Staal wins face-off versus Ryane Clowe in Hurricanes zone.
9:09 of 2nd period - Off-side.
9:10 of 2nd period - David Desharnais wins face-off versus Derek Roy in neutral zone.
9:13 of 2nd period - Shot by Tomas Fleischmann.
9:13 of 2nd period - Shot Misses the Net.
9:15 of 2nd period - Shot by Tomas Fleischmann.
9:15 of 2nd period - Shot Misses the Net.
9:17 of 2nd period - Shot by Ryan McDonagh.
9:17 of 2nd period - Stopped by Mike Smith with a rebound.
9:21 of 2nd period - Shot by Tomas Fleischmann.
9:21 of 2nd period - Stopped by Mike Smith without a rebound.
9:22 of 2nd period - Aaron Volpatti wins face-off versus David Desharnais in Hurricanes zone.
9:27 of 2nd period - Tomas Fleischmann is hit by Dale Weise and loses puck.
9:34 of 2nd period - Aaron Volpatti is hit by David Desharnais.
9:42 of 2nd period - Shot by Mike Green.
9:42 of 2nd period - Stopped by Mike Smith without a rebound.
9:43 of 2nd period - Derek Roy wins face-off versus Jiri Tlusty in Hurricanes zone.
9:45 of 2nd period - Icing by Rene Bourque.
9:46 of 2nd period - Derek Roy wins face-off versus Jiri Tlusty in Hurricanes zone.
9:46 of 2nd period - Rene Bourque is hit by Alexander Ovechkin and loses puck.
10:08 of 2nd period - James Wisniewski is hit by Marc Methot and loses puck.
10:14 of 2nd period - Icing by Marc Methot.
10:15 of 2nd period - Eric Staal wins face-off versus Jiri Tlusty in Capitals zone.
10:27 of 2nd period - Blake Wheeler is hit by Marc Methot and loses puck.
10:40 of 2nd period - Shot by Eric Staal.
10:40 of 2nd period - Shot Misses the Net.
10:59 of 2nd period - Icing by Blake Wheeler.
11:00 of 2nd period - Eric Staal wins face-off versus Daniel Briere in Hurricanes zone.
11:00 of 2nd period - Eric Staal is hit by Daniel Briere.
11:03 of 2nd period - Icing by Marc Staal.
11:04 of 2nd period - David Desharnais wins face-off versus Eric Staal in Hurricanes zone.
11:38 of 2nd period - Derek Roy is hit by Jay Harrison and loses puck.
12:06 of 2nd period - Icing by Corey Potter.
12:07 of 2nd period - Aaron Volpatti wins face-off versus Matt Stajan in Capitals zone.
12:27 of 2nd period - Off-side.
12:28 of 2nd period - Jiri Tlusty wins face-off versus Leo Komarov in neutral zone.
12:33 of 2nd period - Shot by Jiri Tlusty.
12:33 of 2nd period - Shot Misses the Net.
13:22 of 2nd period - Eric Staal is hit by Marc Methot.
13:24 of 2nd period - Shot by Blake Wheeler.
13:24 of 2nd period - Stopped by Jimmy Howard with a rebound.
13:34 of 2nd period - Shot by Eric Staal.
13:34 of 2nd period - Shot Misses the Net.
13:41 of 2nd period - Shot by Blake Wheeler.
13:41 of 2nd period - Shot Misses the Net.
13:43 of 2nd period - Shot by Eric Staal.
13:43 of 2nd period - Goal by Eric Staal - Hurricanes : 2 - Capitals : 1.
13:44 of 2nd period - Rene Bourque wins face-off versus Daniel Briere in neutral zone.
13:44 of 2nd period - Rene Bourque is hit by Tomas Fleischmann.
14:02 of 2nd period - Shot by Tomas Fleischmann.
14:02 of 2nd period - Shot Misses the Net.
14:04 of 2nd period - Shot by David Desharnais.
14:04 of 2nd period - Stopped by Mike Smith without a rebound.
14:05 of 2nd period - Matt Stajan wins face-off versus Brian Boyle in Hurricanes zone.
14:08 of 2nd period - Shot by Alexander Semin.
14:08 of 2nd period - Stopped by Mike Smith without a rebound.
14:09 of 2nd period - Matt Stajan wins face-off versus Eric Staal in Hurricanes zone.
14:12 of 2nd period - Shot by Alexander Semin.
14:12 of 2nd period - Shot Misses the Net.
14:14 of 2nd period - Shot by Alexander Semin.
14:14 of 2nd period - Stopped by Mike Smith without a rebound.
14:15 of 2nd period - Blake Wheeler wins face-off versus David Desharnais in Hurricanes zone.
15:39 of 2nd period - Minor Penalty to Ryan McDonagh for Hooking.
15:39 of 2nd period - Minor Penalty to Cal Clutterbuck for Interference.
15:40 of 2nd period - Alexander Ovechkin wins face-off versus Derek Roy in Capitals zone.
16:05 of 2nd period - Shot by Derek Roy.
16:05 of 2nd period - Stopped by Jimmy Howard with a rebound.
18:00 of 2nd period - Shot by Alexander Semin.
18:00 of 2nd period - Stopped by Mike Smith without a rebound.
18:01 of 2nd period - Ryane Clowe wins face-off versus Leo Komarov in Hurricanes zone.
18:19 of 2nd period - Icing by Ryan Wilson.
18:20 of 2nd period - Tomas Fleischmann wins face-off versus Rich Clune in Hurricanes zone.
19:15 of 2nd period - Shot by Brian Boyle.
19:15 of 2nd period - Shot Misses the Net.
19:20 of 2nd period - Alexander Ovechkin is hit by Aaron Volpatti and loses puck.
19:30 of 2nd period - Minor Penalty to Steve Oleksy for Holding.
19:31 of 2nd period - Matt Stajan wins face-off versus Leo Komarov in Hurricanes zone.
Goals for this period are 1 for Hurricanes vs 1 for Capitals.
Shots for this period are 7 for Hurricanes vs 16 for Capitals.

3rd period


0:01 of 3rd period - Matt Stajan wins face-off versus Brian Boyle in neutral zone.
0:01 of 3rd period - Matt Stajan is hit by Aaron Volpatti.
0:07 of 3rd period - Shot by Ryan McDonagh.
0:07 of 3rd period - Stopped by Mike Smith without a rebound.
0:08 of 3rd period - Matt Stajan wins face-off versus Brian Boyle in Hurricanes zone.
0:13 of 3rd period - Shot by Marc Methot.
0:13 of 3rd period - Stopped by Mike Smith without a rebound.
0:14 of 3rd period - Matt Stajan wins face-off versus Brian Boyle in Hurricanes zone.
0:14 of 3rd period - Matt Stajan is hit by James Wisniewski.
0:24 of 3rd period - Shot by Marc Methot.
0:24 of 3rd period - Shot Misses the Net.
0:26 of 3rd period - Shot by Ryan McDonagh.
0:26 of 3rd period - Stopped by Mike Smith with a rebound.
0:28 of 3rd period - Shot by Marc Methot.
0:28 of 3rd period - Stopped by Mike Smith without a rebound.
0:29 of 3rd period - Daniel Briere wins face-off versus Leo Komarov in Hurricanes zone.
0:31 of 3rd period - Alexander Semin is hit by Marc Staal and loses puck.
0:43 of 3rd period - Icing by Alexander Semin.
0:44 of 3rd period - Brian Boyle wins face-off versus Daniel Briere in Capitals zone.
2:34 of 3rd period - Shot by Blake Wheeler.
2:34 of 3rd period - Shot Misses the Net.
2:36 of 3rd period - Shot by Eric Staal.
2:36 of 3rd period - Stopped by Jimmy Howard without a rebound.
2:37 of 3rd period - Brian Boyle wins face-off versus Ryane Clowe in Capitals zone.
2:41 of 3rd period - Icing by Tom Poti.
2:42 of 3rd period - Brian Boyle wins face-off versus Ryane Clowe in Capitals zone.
3:00 of 3rd period - Alexander Ovechkin is hit by James Wisniewski and loses puck.
4:08 of 3rd period - Shot by Eric Staal.
4:08 of 3rd period - Shot Misses the Net.
4:10 of 3rd period - Shot by Eric Staal.
4:10 of 3rd period - Shot Misses the Net.
5:52 of 3rd period - Shot by Alexander Ovechkin.
5:52 of 3rd period - Shot Misses the Net.
6:23 of 3rd period - Icing by Ryan Wilson.
6:24 of 3rd period - Brian Boyle wins face-off versus David Desharnais in Hurricanes zone.
6:24 of 3rd period - Brian Boyle is hit by Daniel Briere.
6:39 of 3rd period - Shot by Tomas Fleischmann.
6:39 of 3rd period - Shot Blocked by Aaron Volpatti.
6:41 of 3rd period - Shot by Daniel Briere.
6:41 of 3rd period - Shot Misses the Net.
6:43 of 3rd period - Shot by Jay Harrison.
6:43 of 3rd period - Shot Blocked by Ryan Wilson.
6:49 of 3rd period - Shot by David Desharnais.
6:49 of 3rd period - Stopped by Mike Smith without a rebound.
6:50 of 3rd period - Leo Komarov wins face-off versus Matt Stajan in Hurricanes zone.
7:15 of 3rd period - Shot by Leo Komarov.
7:15 of 3rd period - Shot Misses the Net.
7:34 of 3rd period - Icing by Douglas Murray.
7:35 of 3rd period - T.J. Galiardi wins face-off versus Derek Roy in Capitals zone.
7:40 of 3rd period - Minor Penalty to Douglas Murray for Hooking.
7:41 of 3rd period - Eric Staal wins face-off versus Matt Stajan in Capitals zone.
7:56 of 3rd period - Shot by Blake Wheeler.
7:56 of 3rd period - Stopped by Jimmy Howard without a rebound.
7:57 of 3rd period - Derek Roy wins face-off versus Taylor Hall in Capitals zone.
9:31 of 3rd period - Icing by Blake Wheeler.
9:32 of 3rd period - Eric Staal wins face-off versus Matt Stajan in Hurricanes zone.
9:49 of 3rd period - Shot by Alexander Ovechkin.
9:49 of 3rd period - Shot Blocked by Shane OBrien.
9:51 of 3rd period - Shot by Alexander Semin.
9:51 of 3rd period - Stopped by Mike Smith without a rebound.
9:52 of 3rd period - Jiri Tlusty wins face-off versus Derek Roy in Hurricanes zone.
10:07 of 3rd period - Shot by Alexander Ovechkin.
10:07 of 3rd period - Shot Blocked by James Wisniewski.
10:09 of 3rd period - Shot by Alexander Ovechkin.
10:09 of 3rd period - Deflect By Jiri Tlusty.
10:09 of 3rd period - Stopped by Mike Smith with a rebound.
10:11 of 3rd period - Shot by Tom Poti.
10:11 of 3rd period - Shot Misses the Net.
10:13 of 3rd period - Shot by Taylor Hall.
10:13 of 3rd period - Shot Misses the Net.
10:15 of 3rd period - Shot by Jiri Tlusty.
10:15 of 3rd period - Shot Misses the Net.
10:17 of 3rd period - Shot by Ryan McDonagh.
10:17 of 3rd period - Stopped by Mike Smith without a rebound.
10:18 of 3rd period - Brian Boyle wins face-off versus David Desharnais in Hurricanes zone.
10:45 of 3rd period - Shot by Steve Oleksy.
10:45 of 3rd period - Stopped by Jimmy Howard without a rebound.
10:46 of 3rd period - Eric Staal wins face-off versus Jiri Tlusty in Capitals zone.
10:47 of 3rd period - Shot by Duncan Keith.
10:47 of 3rd period - Stopped by Jimmy Howard with a rebound.
10:53 of 3rd period - Shot by Eric Staal.
10:53 of 3rd period - Stopped by Jimmy Howard without a rebound.
10:54 of 3rd period - Eric Staal wins face-off versus Jiri Tlusty in Capitals zone.
10:59 of 3rd period - Shot by Blake Wheeler.
10:59 of 3rd period - Deflect By Eric Staal.
10:59 of 3rd period - Shot Blocked by Ryan McDonagh.
11:14 of 3rd period - Icing by Marc Methot.
11:15 of 3rd period - Derek Roy wins face-off versus Jiri Tlusty in Capitals zone.
11:29 of 3rd period - Minor Penalty to Rene Bourque for Roughing.
11:30 of 3rd period - Leo Komarov wins face-off versus Daniel Briere in Hurricanes zone.
12:01 of 3rd period - Shot by Jay Harrison.
12:01 of 3rd period - Shot Blocked by Marc Staal.
12:03 of 3rd period - Shot by Daniel Briere.
12:03 of 3rd period - Deflect By Matt Stajan.
12:03 of 3rd period - Shot Misses the Net.
12:05 of 3rd period - Shot by Mike Green.
12:05 of 3rd period - Deflect By T.J. Galiardi.
12:05 of 3rd period - Stopped by Mike Smith with a rebound.
12:29 of 3rd period - Steve Oleksy is hit by Ryane Clowe and loses puck.
13:00 of 3rd period - Icing by Ryan McDonagh.
13:01 of 3rd period - Ryane Clowe wins face-off versus Leo Komarov in Capitals zone.
14:52 of 3rd period - Shot by Alexander Semin.
14:52 of 3rd period - Stopped by Mike Smith with a rebound.
14:54 of 3rd period - Shot by Matt Stajan.
14:54 of 3rd period - Stopped by Mike Smith without a rebound.
14:55 of 3rd period - Eric Staal wins face-off versus Jiri Tlusty in Hurricanes zone.
15:22 of 3rd period - Minor Penalty to Marc Staal for Roughing.
15:23 of 3rd period - Leo Komarov wins face-off versus Matt Stajan in Hurricanes zone.
15:43 of 3rd period - Shot by Mike Green.
15:43 of 3rd period - Shot Blocked by James Wisniewski.
15:45 of 3rd period - Shot by Mike Green.
15:45 of 3rd period - Shot Misses the Net.
15:47 of 3rd period - Shot by Jay Harrison.
15:47 of 3rd period - Stopped by Mike Smith with a rebound.
15:49 of 3rd period - Shot by Mike Green.
15:49 of 3rd period - Shot Misses the Net.
15:51 of 3rd period - Shot by Matt Stajan.
15:51 of 3rd period - Shot Blocked by James Wisniewski.
15:53 of 3rd period - Shot by Mike Green.
15:53 of 3rd period - Stopped by Mike Smith without a rebound.
15:54 of 3rd period - Brian Boyle wins face-off versus Ryane Clowe in Hurricanes zone.
15:54 of 3rd period - Brian Boyle is hit by Ryane Clowe.
16:01 of 3rd period - Icing by Taylor Hall.
16:02 of 3rd period - Brian Boyle wins face-off versus Ryane Clowe in Capitals zone.
16:12 of 3rd period - Shot by Ryan McDonagh.
16:12 of 3rd period - Shot Misses the Net.
16:48 of 3rd period - Leo Komarov is hit by Ryane Clowe and loses puck.
17:24 of 3rd period - Icing by Marc Staal.
17:25 of 3rd period - Jiri Tlusty wins face-off versus Derek Roy in Hurricanes zone.
17:41 of 3rd period - Jiri Tlusty is hit by Rene Bourque and loses puck.
18:38 of 3rd period - Shot by Matt Stajan.
18:38 of 3rd period - Shot Misses the Net.
18:40 of 3rd period - Shot by Alexander Semin.
18:40 of 3rd period - Goal by Alexander Semin - Hurricanes : 2 - Capitals : 2.
18:41 of 3rd period - David Desharnais wins face-off versus Eric Staal in neutral zone.
19:01 of 3rd period - Shot by Daniel Briere.
19:01 of 3rd period - Shot Blocked by Ryan Wilson.
19:24 of 3rd period - Off-side.
19:25 of 3rd period - Aaron Volpatti wins face-off versus Ryane Clowe in neutral zone.
19:36 of 3rd period - Shot by Alexander Semin.
19:36 of 3rd period - Shot Misses the Net.
19:45 of 3rd period - Off-side.
19:46 of 3rd period - Jiri Tlusty wins face-off versus Leo Komarov in neutral zone.
19:56 of 3rd period - Douglas Murray beats up Ryan Wilson.
19:56 of 3rd period - Penalty to Douglas Murray for Fighting.
19:56 of 3rd period - Penalty to Ryan Wilson for Fighting.
19:57 of 3rd period - Matt Stajan wins face-off versus Brian Boyle in Hurricanes zone.
Goals for this period are 0 for Hurricanes vs 1 for Capitals.
Shots for this period are 5 for Hurricanes vs 14 for Capitals.

Overtime #1


0:01 of 1st overtime period - Daniel Briere wins face-off versus Eric Staal in neutral zone.
0:21 of 1st overtime period - Shot by Taylor Hall.
0:21 of 1st overtime period - Shot Blocked by Marc Staal.
1:19 of 1st overtime period - Shot by Shane OBrien.
1:19 of 1st overtime period - Shot Misses the Net.
1:21 of 1st overtime period - Shot by Blake Wheeler.
1:21 of 1st overtime period - Shot Blocked by Mike Green.
1:23 of 1st overtime period - Shot by Blake Wheeler.
1:23 of 1st overtime period - Deflect By Derek Roy.
1:23 of 1st overtime period - Shot Misses the Net.
1:25 of 1st overtime period - Shot by Shane OBrien.
1:25 of 1st overtime period - Deflect By Blake Wheeler.
1:25 of 1st overtime period - Shot Misses the Net.
1:27 of 1st overtime period - Shot by Derek Roy.
1:27 of 1st overtime period - Stopped by Jimmy Howard with a rebound.
1:29 of 1st overtime period - Shot by Blake Wheeler.
1:29 of 1st overtime period - Goal by Blake Wheeler - Hurricanes : 3 - Capitals : 2.
Goals for this period are 1 for Hurricanes vs 0 for Capitals.
Shots for this period are 2 for Hurricanes vs 0 for Capitals.


Output by the SimonT Hockey Simulator (STHS) for Stephane Roy -- Original Page W3C XHTML 1.0 Valid
Hockey Simulator - Hockey Simulation - Hockey Manager